 Dungeon Crawl Stone Soup version 0.21-a0-1-gaf3b9a5 (webtiles) character file.

2533 Gorglomux the Cleaver (level 9, -3/82 HPs)
             Began as a Hill Orc Monk on May 20, 2017.
             Was a Priest of Makhleb.
             Slain by an ogre
             ... wielding a +0 giant club
              (11 damage)
             ... on level 8 of the Dungeon.
             The game lasted 00:10:19 (7619 turns).

Gorglomux the Cleaver (Hill Orc Monk)               Turns: 7619, Time: 00:10:20

Health: -3/82      AC:  6    Str: 20    XL:     9   Next: 55%
Magic:  14/14      EV: 11    Int: 10    God:    Makhleb [***...]
Gold:   347        SH:  0    Dex: 13    Spells: 8/8 levels left

rFire    . . .     SeeInvis .   m - +0 war axe
rCold    + . .     Gourm    .   (no shield)
rNeg     . . .     Faith    +   u - +0 ring mail
rPois    .         Spirit   .   l - +0 helmet
rElec    .         Reflect  .   (no cloak)
rCorr    .         Harm     .   (no gloves)
MR       .....                  (no boots)
Stlth    +.........             z - amulet of faith {Faith, !P}
Regen    0.3/turn               i - +3 ring of strength
MPRegen  0.2/turn               G - ring of protection from cold {rC+, !d}

@: no status effects
A: no striking features
a: Minor Destruction, Lesser Servant of Makhleb, Renounce Religion


You were on level 8 of the Dungeon.
You worshipped Makhleb.
Makhleb was most pleased with you.
You were very hungry.

You visited 1 branch of the dungeon, and saw 8 of its levels.

You collected 347 gold pieces.

Inventory:

Hand Weapons
 a - a +1 hand axe
 m - a +0 war axe (weapon)
   (You found it on level 6 of the Dungeon)
 O - a +0 war axe
   (You took it off an orc on level 7 of the Dungeon)
Missiles
 F - 4 curare-tipped needles
Armour
 b - a +0 robe
 l - a +0 helmet (worn)
   (You took it off Robin on level 2 of the Dungeon)
 u - a +0 ring mail (worn)
   (You took it off an orc on level 4 of the Dungeon)
Jewellery
 i - a +3 ring of strength (left hand)
   (You found it on level 1 of the Dungeon)
 x - an uncursed ring of stealth {Stlth+}
   (You found it on level 4 of the Dungeon)
 z - an amulet of faith (around neck) {Faith, !P}
   (You found it on level 4 of the Dungeon)
 G - a ring of protection from cold (right hand) {rC+, !d}
   (You found it on level 6 of the Dungeon)
Wands
 t - a wand of flame (22/48)
   (You took it off Edmund on level 5 of the Dungeon)
 D - a wand of flame (20/48)
   (You found it on level 5 of the Dungeon)
Scrolls
 g - 2 scrolls of recharging {unknown}
 j - a scroll of noise {unknown}
 k - a scroll of enchant weapon
 s - 4 scrolls of teleportation
 y - 5 scrolls of identify
 A - a scroll of torment {unknown}
 E - 4 scrolls of magic mapping {unknown}
 I - a scroll of vulnerability {unknown}
 J - a scroll of enchant armour {unknown}
 K - 2 scrolls of amnesia {unknown}
 L - 2 scrolls of random uselessness {unknown}
 M - a scroll of remove curse
 N - a scroll of fear {unknown}
 P - a scroll of summoning {unknown}
Potions
 d - 2 potions of ambrosia
 e - a potion of brilliance
 f - 2 potions of cancellation
 n - a potion of agility {unknown}
 r - 3 potions of haste
 w - 3 potions of lignification {!q}
 B - 2 potions of resistance
 C - 2 potions of mutation {unknown}
 H - 3 potions of heal wounds
 Q - 2 potions of curing {unknown}
Books
 h - Jiuhahy's Grimoire of Feathery Orientation
   (You found it on level 6 of the Dungeon)

   Spells                             Type                      Level
   a - Gell's Gravitas                Translocation                3
   b - Lightning Bolt                 Conjuration/Air              5
   c - Summon Forest                  Summoning/Translocation      5
   d - Malign Gateway                 Summoning/Translocation      7
 v - a book of Misfortune
   (You found it on level 4 of the Dungeon)
 R - a book of Maledictions
   (You found it on level 8 of the Dungeon)
Comestibles
 c - 5 bread rations {@e1}
 o - a royal jelly
 p - 8 fruits
 q - 3 meat rations {@e2}


   Skills:
 + Level 8.3 Fighting
 * Level 12.5 Axes
 - Level 2.4 Dodging
 - Level 1.5 Stealth
 + Level 7.2 Invocations


You had 8 spell levels left.
You didn't know any spells.

Dungeon Overview and Level Annotations

Branches:
Dungeon (8/15)             Temple (0/1) D:6
   Lair: D:8-11

Altars:
Dithmenos
Makhleb
Nemelex Xobeh
Okawaru
Ru
Vehumet
Wu Jian
The Shining One


Message History

A bullfrog is nearby!
The bullfrog croaks.
You miss the bullfrog. The bullfrog closely misses you.
You hit the bullfrog. The bullfrog barely misses you.
You hit the bullfrog. The bullfrog misses you. The bullfrog closely misses you.
You barely miss the bullfrog. The bullfrog closely misses you.
You hit the bullfrog. The bullfrog completely misses you.
You hit the bullfrog. The bullfrog barely misses you.
The bullfrog closely misses you.
You barely miss the bullfrog. The bullfrog hits you.
You hit the bullfrog. The bullfrog completely misses you.
You closely miss the bullfrog. The bullfrog hits you.
The bullfrog hits you but does no damage.
You slash the bullfrog!
You kill the bullfrog!
Makhleb accepts your kill.
Your Invocations skill increases to level 7!
There isn't anything here!
There is a stone staircase leading down here.
A crimson imp comes into view.
The crimson imp shouts!
A crimson imp is nearby!
A crimson imp is nearby!
A crimson imp is nearby!
Aim: a crimson imp The puff of flame misses the crimson imp.
Aim: a crimson imp The glob of acid misses the crimson imp.
Aim: a crimson imp The puff of flame misses the crimson imp.
A wyvern and an ogre come into view.
Unknown command.
Aim: a crimson imp The crimson imp is unaffected.
Aim: a crimson imp The stone arrow hits the crimson imp.
The wyvern hisses angrily.
The crimson imp hits you but does no damage.
An ogre comes into view. It is wielding a giant spiked club.
Unknown command.
Aim: a crimson imp (severely wounded)
The puff of flame misses the crimson imp.
The crimson imp blinks!
A centaur comes into view.
Unknown command.
The centaur moves out of view.
The wyvern bites you!
You slash the wyvern! The wyvern barely misses you.
You hit the wyvern but do no damage. The wyvern misses you.
The wyvern bites you!
A demon appears!
The wyvern misses you.
Unknown command.
You swap places.
The wyvern bites your ynoxinul! The wyvern bites your ynoxinul.
Your ynoxinul gestures.
You swap places.
The wyvern completely misses your ynoxinul.
Your ynoxinul gestures.
What are your orders? t - Shout!
Orders for allies: a - Attack new target. p - Attack previous target. r - Retreat! s - Stop attacking. g - Guard the area. f - Follow me.
Anything else - Cancel.
Retreat in which direction?
Fall back!
The wyvern bites your ynoxinul! x2
Your ynoxinul dies!
Your ufetubus disappears in a puff of smoke!
Unknown command.
A demon appears!
Unknown command.
You closely miss the wyvern. The wyvern bites you!
You hit the wyvern. The wyvern misses you.
Your smoke demon gestures at the wyvern.
The wyvern is smitten.
The wyvern bites you!
You hit the wyvern.
Your smoke demon gestures at the wyvern.
The wyvern is smitten.
The wyvern dies!
Makhleb accepts your kill.
Aim: an ogre, wielding a giant spiked club The puff of flame hits the ogre.
The crimson imp blinks!
Your smoke demon barely misses the ogre.
Your smoke demon hits the ogre. x2
You barely miss the ogre.
The ogre hits you with a giant spiked club!
* * * LOW HITPOINT WARNING * * *
Your smoke demon barely misses the ogre.
Your smoke demon hits the ogre. x2
You slash the ogre!
You kill the ogre!
Makhleb accepts your kill.
You feel better.
Your ring mail prevents you from hitting the ogre.
The ogre hits you with a giant club!
* * * LOW HITPOINT WARNING * * *
Your smoke demon barely misses the ogre.
Your smoke demon hits the ogre.
Your smoke demon barely misses the ogre.
You swap places.
The ogre hits you with a giant club!
You die...

#######.# #3O.....#
#@#####5.... #.# ...
..# #.# ) #.# #>#
#.# #.# #.# #.# #.#
#.# #.#######.#####.
####.##......<......


You could see an ogre and a friendly smoke demon.

Vanquished Creatures
  Pikel (D:6)
  Edmund (D:5)
  Duvessa (D:6)
  2 ice beasts
  3 ogres
  A centaur (D:6)
  2 bullfrogs
  Dowan (D:6)
  A wyvern skeleton (D:6)
  2 scorpions (D:5)
  3 crimson imps
  A jelly (D:5)
  An orc priest (D:5)
  2 hounds
  A gnoll shaman (D:6)
  3 bullfrog skeletons (D:5)
  An iguana (D:4)
  An orc wizard (D:4)
  4 worker ants
  A howler monkey zombie (D:5)
  A worker ant zombie (D:8)
  Robin (D:2)
  4 gnolls (D:6)
  7 adders
  2 river rats (D:4)
  4 shadow imps
  An ooze (D:3)
  2 worms (D:2)
  2 dart slugs
  4 leopard geckos (D:1)
  17 orcs
  6 bats
  12 giant cockroaches
  16 goblins
  9 hobgoblins
  14 jackals
  2 quokkas
  A ball python (D:2)
  A ball python skeleton (D:5)
  3 frilled lizards
  6 kobolds
  A quokka skeleton (D:7)
  8 rats
157 creatures vanquished.

Vanquished Creatures (collateral kills)
  Psyche (D:8)
  A wyvern (D:8)
2 creatures vanquished.

Vanquished Creatures (others)
  2 adders (D:6)
  An adder skeleton (D:6)
  A bat (D:1)
4 creatures vanquished.

Grand Total: 163 creatures vanquished

Notes
Turn   | Place    | Note
-------+----------+-------------------------------------------
     0 | D:1      | Gorglomux the Hill Orc Monk began the quest for the Orb.
     0 | D:1      | Reached XP level 1. HP: 19/19 MP: 1/1
   198 | D:1      | Reached XP level 2. HP: 26/27 MP: 2/2
   456 | D:1      | Reached skill level 5 in Axes
   609 | D:1      | Reached skill level 4 in Fighting
   609 | D:1      | Reached XP level 3. HP: 33/33 MP: 3/3
  1192 | D:2      | Noticed Robin
  1422 | D:2      | Killed Robin
  1422 | D:2      | Reached XP level 4. HP: 29/41 MP: 4/4
  2009 | D:2      | Reached skill level 6 in Axes
  2496 | D:2      | Reached XP level 5. HP: 40/47 MP: 5/5
  3162 | D:3      | Reached skill level 5 in Fighting
  3162 | D:3      | Reached skill level 7 in Axes
  3170 | D:3      | Found a burning altar of Makhleb.
  3248 | D:3      | Became a worshipper of Makhleb the Destroyer
  3248 | D:3      | Reached * piety under Makhleb
  3248 | D:3      | Reached ** piety under Makhleb
  3306 | D:4      | HP: 12/48 [jackal (1)]
  3315 | D:4      | HP: 4/48 [orc/dagger (4)]
  3570 | D:4      | Reached skill level 1 in Invocations
  3570 | D:4      | Reached XP level 6. HP: 35/56 MP: 6/6
  3732 | D:4      | Found an iron altar of Okawaru.
  4037 | D:4      | Found a glowing drain.
  4104 | D:5      | Entered Level 5 of the Dungeon
  4140 | D:5      | Reached skill level 8 in Axes
  4140 | D:5      | Reached skill level 2 in Invocations
  4149 | D:5      | Reached XP level 7. HP: 61/61 MP: 8/8
  4237 | D:5      | Noticed Edmund
  4258 | D:5      | HP: 13/61 [Edmund/flail of protection (4)]
  4260 | D:5      | HP: 5/61 [Edmund/flail of protection (4)]
  4265 | D:5      | HP: 15/61 [Edmund/flail of protection (9)]
  4267 | D:5      | HP: 7/61 [Edmund/wand of flame (?/48) (7)]
  4268 | D:5      | HP: 3/61 [Edmund/flail of protection (5)]
  4274 | D:5      | Killed Edmund
  4274 | D:5      | Reached skill level 3 in Invocations
  4571 | D:5      | Found a shadowy altar of Dithmenos.
  4644 | D:5      | Found an ornate altar of the Wu Jian Council.
  4645 | D:5      | Found a sacrificial altar of Ru.
  4667 | D:5      | Reached skill level 9 in Axes
  4858 | D:5      | Found a glowing golden altar of the Shining One.
  4858 | D:5      | Found a radiant altar of Vehumet.
  4892 | D:5      | Reached skill level 6 in Fighting
  4981 | D:5      | Reached *** piety under Makhleb
  4981 | D:5      | Reached skill level 4 in Invocations
  5247 | D:5      | Reached XP level 8. HP: 71/71 MP: 11/11
  5416 | D:5      | Reached skill level 10 in Axes
  5601 | D:6      | Noticed Duvessa
  5601 | D:6      | Noticed Dowan
  5604 | D:6      | Killed Duvessa
  5604 | D:6      | Reached skill level 5 in Invocations
  5606 | D:6      | Killed Dowan
  5644 | D:6      | Identified Jiuhahy's Grimoire of Feathery Orientation
  5660 | D:6      | HP: 12/71 [wyvern skeleton (11)]
  5661 | D:6      | Reached skill level 7 in Fighting
  5855 | D:6      | Noticed Pikel
  5859 | D:6      | Killed Pikel
  5859 | D:6      | Reached skill level 11 in Axes
  5859 | D:6      | Reached skill level 6 in Invocations
  6302 | D:6      | Reached XP level 9. HP: 70/79 MP: 13/13
  6397 | D:6      | Found a staircase to the Ecumenical Temple.
  7064 | D:7      | Found a sparkling altar of Nemelex Xobeh.
  7249 | D:8      | Noticed Psyche
  7263 | D:8      | Killed Psyche
  7263 | D:8      | Reached skill level 8 in Fighting
  7263 | D:8      | Reached skill level 12 in Axes
  7586 | D:8      | Reached skill level 7 in Invocations
  7616 | D:8      | HP: 15/81 [ogre/giant spiked club (16)]
  7619 | D:8      | Slain by an ogre

Vault maps used:
D:1:      saegor_arrival_miasma, roderic_serpentine_path, minmay_split_cup_small
D:2:      first_bread, hex_large, uniq_robin
D:3:      lemuel_upstairs_altar, makhleb_blood_cavern_becter
D:4:      lemuel_crystal_altar, portal_sewer_entry_b
D:5:      gammafunk_wand_slinger, gammafunk_temple_overflow_pools,
          grunt_temple_overflow_open, basic_altar, uniq_edmund
D:6:      temple_pool_b, minivault_1, uniq_pikel, uniq_duvessa
D:7:      nemelex_altar_shiori
D:8:      marbit_many_paths, trog_ov_bears_minmay, lair_entry_dummy, uniq_psyche

Skill      XL: |  1  2  3  4  5  6  7  8  9 |
---------------+----------------------------+-----
Axes           | 5 6 7 8 9 11 12 | 12.5
Fighting       | 4 5 6 7 8 |  8.3
Invocations    | 1 2 4 6 7 |  7.2
Dodging        | |  2.4
Stealth        | |  1.5

Action                   |  1- 3 |  4- 6 |  7- 9 || total
-------------------------+-------+-------+-------++-------
Melee: Hand axe          |   106 |   226 |    66 ||   398
       War axe           |       |       |    64 ||    64
Invok: Minor Destruction |       |    35 |   136 ||   171
       Lesser Servant of |       |       |     4 ||     4
  Use: Potion            |       |       |     3 ||     3
       Scroll            |       |       |     8 ||     8
 Stab: Sleeping          |     4 |     4 |       ||     8
  Eat: Chunk             |     2 |     8 |    10 ||    20
Armor: Robe              |    16 |    42 |       ||    58
       Ring mail         |       |     7 |    30 ||    37
       Skin              |       |       |     3 ||     3
Dodge: Dodged            |    71 |   187 |    70 ||   328

Vault maps used:
D:1:      saegor_arrival_miasma, roderic_serpentine_path, minmay_split_cup_small
D:2:      first_bread, hex_large, uniq_robin
D:3:      lemuel_upstairs_altar, makhleb_blood_cavern_becter
D:4:      lemuel_crystal_altar, portal_sewer_entry_b
D:5:      gammafunk_wand_slinger, gammafunk_temple_overflow_pools,
          grunt_temple_overflow_open, basic_altar, uniq_edmund
D:6:      temple_pool_b, minivault_1, uniq_pikel, uniq_duvessa
D:7:      nemelex_altar_shiori
D:8:      marbit_many_paths, trog_ov_bears_minmay, lair_entry_dummy, uniq_psyche

Table legend:
 A = Turns spent in this place as a percentage of turns spent in the entire game.
 B = Non-inter-level travel turns spent in this place as a percentage of non-inter-level travel turns spent in the entire game.
 C = Inter-level travel turns spent in this place as a percentage of turns spent in this place.
 D = Turns resting spent in this place as a percentage of non-inter-level travel turns spent in this place.
 E = Turns spent auto-exploring this place as a percentage of non-inter-level travel turns spent in this place.
 F = Non-inter-level travel turns spent in this place divided by the number of levels of this place that you've seen.
                   A       B       C       D       E      F
               +-------+-------+-------+-------+-------+----------------------
         Total | 100.0 | 100.0 |   0.6 |   3.4 |   8.8 | 291.0
       Dungeon | 100.0 | 100.0 |   0.6 |   3.4 |   8.8 | 291.0
               +-------+-------+-------+-------+-------+----------------------

Table legend:
 A = Kills in this place as a percentage of kills in entire the game.
 B = Kills by you in this place as a percentage of kills by you in the entire game.
 C = Kills by friends in this place as a percentage of kills by friends in the entire game.
 D = Other kills in this place as a percentage of other kills in the entire game.
 E = Experience gained in this place as a percentage of experience gained in the entire game.
 F = Experience gained in this place divided by the number of levels of this place that you have seen.
                   A       B       C       D       E      F
               +-------+-------+-------+-------+-------+----------------------
         Total | 100.0 | 100.0 | 100.0 |  -nan | 100.0 | 452.4
       Dungeon | 100.0 | 100.0 | 100.0 |  -nan | 100.0 | 452.4
               +-------+-------+-------+-------+-------+----------------------
